 Dungeon Crawl Stone Soup version 0.31-a0-217-g58bb5d79cf (webtiles) character file.

Game seed: 5765153101253479950

60 qw the Shooter (level 4, -5/26 HPs)
             Began as a Gargoyle Hexslinger on July 2, 2023.
             Slain by Sigmund
             ... wielding a +0 scythe
              (6 damage)
             ... on level 2 of the Dungeon.
             The game lasted 00:00:35 (834 turns).

qw the Shooter (Gargoyle Hexslinger)                 Turns: 834, Time: 00:00:35

Health: -5/26      AC:  6    Str: 12    XL:     4   Next: 6%
Magic:  5/5        EV: 11    Int: 13    God:
Gold:   54         SH:  0    Dex: 14    Spells: 4/5 levels left

rFire   . . .        Y - +1 sling
rCold   . . .        (no shield)
rNeg    + . .        d - +0 leather armour
rPois   inf          (no helmet)
rElec   +            (no cloak)
rCorr   .            (no gloves)
SInv    .            (no boots)
Will    .....        (no amulet)
Stlth   +            (no ring)
HPRegen 0.24/turn    (no ring)
MPRegen 0.09/turn

%: no passive effects
@: no status effects
A: sickness immunity, AC +3, negative energy resistance 1, electricity
resistance, torment resistance 1, petrification resistance
a: no special abilities


You were on level 2 of the Dungeon.
You visited 1 branch of the dungeon, and saw 2 of its levels.

You collected 54 gold pieces.


Innate Abilities, Weirdness & Mutations

You are immune to sickness and miasma.
Your stone body is resilient. (AC +3)
You are immune to poison.
You resist negative energy. (rN+)
You are resistant to electric shocks. (rElec)
You are resistant to unholy torment.
You are immune to petrification.


   Skills:
 - Level 2.0 Fighting
 + Level 3.9 Ranged Weapons
 - Level 1.5 Dodging
 - Level 1.0 Spellcasting
 - Level 2.6 Hexes


You had 4 spell levels left.
You knew the following spells:

 Your Spells              Type           Power      Damage    Failure   Level
a - Slow                  Hex            28%        N/A       12%         1

Your spell library contained the following spells:

 Spells                   Type           Power      Damage    Failure   Level
 Inner Flame              Hex/Fire       4%         N/A       52%         3
 Portal Projectile        Hex/Tloc       8%         N/A       52%         3
 Cause Fear               Hex            3%         N/A       75%         4

Inventory:

Hand Weapons
 Y - a +1 sling (weapon)
Armour
 c - a +0 ring mail
 d - a +0 leather armour (worn)
Scrolls
 a - a scroll of enchant weapon {unknown}
 b - 4 scrolls of identify {unknown}
 e - a scroll of fog {unknown}

Dungeon Overview and Level Annotations

Branches:
Dungeon (2/15)

Altars:

Annotations:
D:2 Sigmund


Message History

Sigmund flickers and vanishes!
Deactivating autopickup; reactivate with Ctrl-A.
The ball python hisses angrily.
Enter note:
Enter note:
Enter note:
Enter note: You shoot a sling bullet.
The sling bullet closely misses the ball python.
You shoot a sling bullet. Something hits you.
You shoot a sling bullet. You shoot a sling bullet.
The sling bullet barely misses the ball python.
Something hits you but does no damage.
The ball python bites you but does no damage.
The ball python grabs you. The ball python constricts you.
You shoot a sling bullet. The sling bullet hits the ball python.
You kill the ball python!
Something hits you.
You shoot a sling bullet. Something hits you.
You shoot a sling bullet. Something hits you.
You shoot a sling bullet. You shoot a sling bullet.
You hear some strange, mumbled words.
You are confused.
Something hits you but does no damage.
You shoot a sling bullet. You shoot a sling bullet. Something hits you!
You shoot a sling bullet. Something hits you!
You shoot a sling bullet. Something hits you.
You shoot a sling bullet.
You feel less confused. Something hits you.
You die...

#..........#
.........!#
##(.........## ### #..
.......... .... #..
....... ..... #.. .{..
.......##.####+.#
..........##...@#
#....#.#....[..#.#
...#.....#...#....#
.#....#....#....#...#..
...#..^..#...#......#.#
.....#.#.......#.#....
#.#.......#.#........##
....#...#.....#...#.##
.#....#....#....#...###


There were no monsters in sight!

Vanquished Creatures
  2 worms (D:2)
  2 dart slugs (D:1)
  2 bats (D:1)
  An endoplasm (D:1)
  2 giant cockroaches
  8 hobgoblins
  3 jackals (D:1)
  A kobold (D:1)
  4 quokkas (D:1)
  4 ball pythons
  2 frilled lizards
  10 goblins
  2 rats (D:1)
43 creatures vanquished.

Notes
Turn   | Place    | Note
-------+----------+-------------------------------------------
     0 | D:1      | qw the Gargoyle Hexslinger began the quest for the Orb.
     0 | D:1      | Reached XP level 1. HP: 12/12 MP: 2/2
     0 | D:1      | 0 ||| qw: Version: 0.3-a-40-ge99b1a8
     0 | D:1      | 0 ||| qw: Game counter: 9
     0 | D:1      | 0 ||| qw: Melee chars always use a shield: true
     0 | D:1      | 0 ||| qw: God list: Okawaru
     0 | D:1      | 0 ||| qw: Allow faded altars: false
     0 | D:1      | 0 ||| qw: Do Orc after clearing Dungeon:15 true
     0 | D:1      | 0 ||| qw: Do second Lair branch before Depths: true
     0 | D:1      | 0 ||| qw: Lair rune preference: random
     0 | D:1      | 0 ||| qw: Goals: Normal
     0 | D:1      | 0 ||| PLANNING D:1-11
    23 | D:1      | HP: 3/12 [hobgoblin (1)]
    94 | D:1      | Reached XP level 2. HP: 12/16 MP: 3/3
   222 | D:1      | Reached skill level 3 in Ranged Weapons
   288 | D:1      | 288 ||| FLEEEEING.
   297 | D:1      | Reached XP level 3. HP: 21/21 MP: 4/4
   586 | D:1      | 586 ||| UPGRADING to +0 leather armour.
   596 | D:1      | 596 ||| DROPPING +0 robe.
   597 | D:1      | 597 ||| READING scroll labelled IWOUTZUUCI.
   598 | D:1      | 598 ||| DROPPING scroll of poison.
   759 | D:2      | Reached XP level 4. HP: 26/26 MP: 5/5
   820 | D:2      | Noticed Sigmund
   832 | D:2      | HP: 3/26 [something (7)]
   833 | D:2      | HP: 1/26 [something (2)]
   834 | D:2      | Slain by Sigmund

Levels and vault maps discovered:
D:1:      dpeg_arrival_ternary, layout_rooms
D:2:      layout_basic, nicolae_kite_square_tiling_tiny, uniq_robin,
          uniq_sigmund

Skill      XL: |  1  2 |
---------------+-------+-----
Ranged Weapons | 3 |  3.9
Fighting       | 2 |  2.0
Dodging        | |  1.5
Spellcasting   | |  1.0
Hexes          | |  2.6

Action                     |  1- 3 |  4- 6 || total
---------------------------+-------+-------++-------
   Fire: Sling             |   146 |    28 ||   174
    Use: Scroll            |     1 |       ||     1
 Armour: Robe              |    21 |       ||    21
         Leather armour    |     5 |     8 ||    13
  Dodge: Dodged            |    41 |     3 ||    44

Table legend:
 A = Non-vault XP
 B = Vault XP
 C = Vault XP percentage of total XP
 D = Non-vault monster count
 E = Vault monster count
 F = Vault count percentage of total count
                 A         B        C        D         E       F
            +---------+---------+-------+---------+---------+-------
      Total |      71 |      16 |  18.4 |      35 |       8 |  18.6
            +---------+---------+-------+---------+---------+-------
        D:1 |      55 |       0 |   0.0 |      29 |       0 |   0.0
        D:2 |      16 |      16 |  50.0 |       6 |       8 |  57.1
            +---------+---------+-------+---------+---------+-------
